 Dungeon Crawl Stone Soup version 0.28-a0-620-g539b0f7ac7 (webtiles) character file.

Game seed: 16237323091370410617

26 mordus the Chopper (level 3, 0/31 HPs)
             Began as a Hill Orc Monk on Oct 6, 2021.
             Slain by Natasha (7 damage)
             ... on level 2 of the Dungeon.
             The game lasted 00:01:27 (1890 turns).

mordus the Chopper (Hill Orc Monk)                  Turns: 1890, Time: 00:01:27

Health: 0/31       AC:  2    Str: 14    XL:     3   Next: 8%
Magic:  3/3        EV: 12    Int: 10    God:
Gold:   74         SH:  0    Dex: 13    Spells: 2/2 levels left

rFire   . . .      SeeInvis .   a - +0 hand axe
rCold   . . .      Faith    .   (no shield)
rNeg    . . .      Spirit   .   b - +0 robe
rPois   .          Reflect  .   (no helmet)
rElec   .          Harm     .   (no cloak)
rCorr   .          Rampage  .   (no gloves)
Will    .....                   (no boots)
Stlth   ++........              (no amulet)
HPRegen 0.10/turn               (no ring)
MPRegen 0.08/turn               (no ring)

@: no status effects
A: no striking features
a: no special abilities


You were on level 2 of the Dungeon.
You visited 1 branch of the dungeon, and saw 2 of its levels.

You collected 74 gold pieces.

Inventory:

Hand Weapons
 a - a +0 hand axe (weapon)
Armour
 b - a +0 robe (worn)
Scrolls
 f - a scroll of fear {unknown}
 g - a scroll of holy word {unknown}
 i - a scroll of amnesia {unknown}
 j - a scroll of vulnerability {unknown}
 k - 3 scrolls of identify {unknown}
Potions
 c - a potion of resistance {unknown}
 d - a potion of flight {unknown}
 e - a potion of ambrosia {unknown}
 h - a potion of might {unknown}


   Skills:
 - Level 3.6 Fighting
 * Level 5.1 Axes
 + Level 1.4 Armour
 - Level 2.4 Dodging
 - Level 1.5 Stealth


You had 2 spell levels left.
You didn't know any spells.
Your spell library was empty.

Dungeon Overview and Level Annotations

Branches:
Dungeon (2/15)

Altars:

Annotations:
D:2 Natasha


Message History

A kobold comes into view. It is wielding a +0 dagger.
The kobold shouts!
Natasha, Servant of Life and Death comes into view.
There are monsters nearby!
Natasha hisses angrily.
There are monsters nearby!
The kobold hits you with a +0 dagger.
There are monsters nearby!
You completely miss the kobold. The kobold hits you with a +0 dagger.
There are monsters nearby!
You closely miss Natasha. You miss the kobold. Natasha claws you.
The kobold hits you with a +0 dagger.
There are monsters nearby!
You hit Natasha.
Natasha is moderately wounded.
You barely miss the kobold. Natasha barely misses you.
The kobold hits you with a +0 dagger.
There are monsters nearby!
You hit Natasha.
Natasha is severely wounded.
You barely miss the kobold. Natasha closely misses you.
The kobold hits you with a +0 dagger. Natasha casts a spell at you.
You resist with significant effort.
You barely miss Natasha.
Natasha is severely wounded.
You hit the kobold. The kobold hits you with a +0 dagger. Natasha claws you!
* * * LOW HITPOINT WARNING * * *
There are monsters nearby!
You are too injured to fight recklessly!
You are too injured to fight recklessly!
There are monsters nearby!
You are too injured to fight recklessly!
You are too injured to fight recklessly!
You barely miss Natasha.
Natasha is severely wounded.
You hit the kobold.
You kill the kobold!
Natasha claws you!
You die...

..............#
####.####...### ..
####.# #...# .# # ..##.#
#...# .#.# #.##.#
#...######.#.## #.##.#
#.............#.
.....####....###........
..#.......).............
................@).#.
..#...........>..h......
..######..........##....
..# #.###.###.... ...
>.# #.# #.# ##.#.# . ###
#.###.# ..... #....<#
###... ##...## .##
########.#.##


You could see Natasha.

Vanquished Creatures
  4 endoplasms
  2 giant cockroaches (D:1)
  5 hobgoblins
  3 kobolds
  3 ball pythons (D:1)
  3 bats (D:1)
  2 frilled lizards
  2 rats (D:1)
24 creatures vanquished.

Notes
Turn   | Place    | Note
-------+----------+-------------------------------------------
     0 | D:1      | mordus the Hill Orc Monk began the quest for the Orb.
     0 | D:1      | Reached XP level 1. HP: 19/19 MP: 1/1
   454 | D:1      | Reached XP level 2. HP: 23/23 MP: 2/2
   494 | D:1      | Reached skill level 1 in Armour
  1244 | D:2      | Reached skill level 5 in Axes
  1547 | D:2      | Reached XP level 3. HP: 27/30 MP: 3/3
  1882 | D:2      | Noticed Natasha
  1890 | D:2      | Slain by Natasha

Illustrated notes

Levels and vault maps discovered:
D:1:      psy_arrival_whirlpool, layout_basic
D:2:      layout_loops_cross, uniq_natasha

Skill      XL: |  1  2 |
---------------+-------+-----
Armour         | 1 |  1.4
Axes           | 5 |  5.1
Fighting       | |  3.6
Dodging        | |  2.4
Stealth        | |  1.5

Action                   || total
-------------------------++-------
Melee: Hand axe          ||   105
 Stab: Sleeping          ||     2
Armor: Robe              ||    24
Dodge: Dodged            ||    73

Table legend: (Time is in decaauts)
 A = Elapsed time spent in this place.
 B = Non-inter-level travel time spent in this place.
 C = Inter-level travel time spent in this place.
 D = Time resting spent in this place.
 E = Time spent auto-exploring this place.
 F = Levels seen in this place.
 G = Mean time per level.
                   A        B        C        D        E       F      G
               +--------+--------+--------+--------+--------+-----+--------+
         Total |   1897 |   1874 |     23 |      0 |   1627 |   2 |  948.5 |
       Dungeon |   1897 |   1874 |     23 |      0 |   1627 |   2 |  948.5 |
               +--------+--------+--------+--------+--------+-----+--------+

Top non-repeatable levels by time:
     D:1: 1150 daAuts
     D:2: 746 daAuts
